 Dungeon Crawl Stone Soup version 0.27.1-34-g3ba077fa99 (webtiles) character file.

Game seed: 971137653850835710

1232 cbfl8 the Carver (level 8, -4/68 HPs)
             Began as a Minotaur Wanderer on Jan 17, 2022.
             Slain by Maggie (9 damage)
             ... on level 6 of the Dungeon.
             The game lasted 00:16:12 (6660 turns).

cbfl8 the Carver (Minotaur Wanderer)                Turns: 6660, Time: 00:16:13

Health: -4/68      AC:  6    Str: 15    XL:     8   Next: 24%
Magic:  7/7        EV: 15    Int: 10    God:
Gold:   243        SH:  0    Dex: 13    Spells: 7/7 levels left

rFire    . . .     SeeInvis .   a - +4 falchion
rCold    + . .     Faith    .   (no shield)
rNeg     . . .     Spirit   .   m - +0 ring mail
rPois    .         Reflect  .   (helmet restricted)
rElec    .         Harm     .   r - scarf {repulsion}
rCorr    .         Rampage  .   (no gloves)
Will     .....                  (no boots)
Stlth    +.........             (no amulet)
HPRegen  0.21/turn              q - ring of protection from cold
MPRegen  0.10/turn              C - +4 ring of evasion

@: about to teleport, repel missiles
A: horns 2, retaliatory headbutt
a: no special abilities


You were on level 6 of the Dungeon.
You visited 2 branches of the dungeon, and saw 7 of its levels.

You collected 243 gold pieces.

Inventory:

Hand Weapons
 a - a +4 falchion (weapon)
 v - a +1 dagger of speed
 y - a +0 hand axe of venom
Missiles
 h - 20 arrows
 i - 24 poisoned darts (quivered)
 k - 6 atropa-tipped darts
 F - 3 javelins
Armour
 d - a +0 robe
 g - a +0 cloak
 m - a +0 ring mail (worn)
 r - a scarf of repulsion (worn)
 t - a +1 cloak
 G - a scarf of resistance
Jewellery
 e - a ring of positive energy
 q - a ring of protection from cold (left hand)
 s - a ring of positive energy
 z - a +6 ring of dexterity
 C - a +4 ring of evasion (right hand)
Wands
 A - a wand of polymorph (10)
Scrolls
 f - a scroll of fog
 l - a scroll of amnesia
 x - a scroll of torment
 B - a scroll of holy word
Potions
 b - 2 potions of curing
 c - a potion of lignification
 j - a potion of berserk rage {unknown}
 o - a potion of resistance {unknown}
 p - 2 potions of brilliance {unknown}
 u - 2 potions of attraction
 D - 2 potions of might {unknown}
 E - a potion of haste {unknown}


   Skills:
 + Level 5.3 Fighting
 + Level 8.6 Long Blades
 + Level 1.1 Crossbows
 + Level 6.8 Armour
 + Level 2.7 Dodging
 + Level 1.3 Stealth
 + Level 1.2 Shields
 + Level 1.0 Evocations


You had 7 spell levels left.
You didn't know any spells.
Your spell library contained the following spells:

 Spells                   Type           Power      Damage    Failure   Level
 Sting                    Tmut/Pois      0%         1d3       56%         1
 Summon Small Mammal      Summ           0%         N/A       56%         1
 Ensorcelled Hibernation  Hex/Ice        0%         N/A       71%         2
 Poisonous Vapours        Pois/Air       0%         N/A       71%         2
 Call Canine Familiar     Summ           0%         N/A       90%         3
 Ignite Poison            Fire/Tmut/Pois 0%         N/A       90%         3
 Mephitic Cloud           Conj/Pois/Air  0%         N/A       90%         3
 Spider Form              Tmut/Pois      0%         N/A       90%         3
 Summon Guardian Golem    Hex/Summ       0%         N/A       90%         3
 Cause Fear               Hex            0%         N/A       100%        4
 Olgreb's Toxic Radiance  Pois           0%         N/A       100%        4
 Bolt of Magma            Conj/Fire/Erth 0%         4d4       100%        5
 Shadow Creatures         Summ           N/A        N/A       100%        6
 Dragon Form              Tmut           0%         N/A       100%        7
 Dragon's Call            Summ           0%         N/A       100%        9


Dungeon Overview and Level Annotations

Branches:
Dungeon (6/15)             Temple (1/1) D:5

Altars:
Ashenzari
Cheibriados
Dithmenos
Elyvilon
Fedhas
Hepliaklqana
Makhleb
Okawaru
Sif Muna
Uskayaw
Vehumet
Wu Jian
Xom
Zin

Shops:
D:6 =[

Annotations:
D:5 1 runed translucent door, Crazy Yiuf
D:6 Maggie


Innate Abilities, Weirdness & Mutations

You have a pair of horns on your head.
You reflexively headbutt those who attack you in melee.


Message History

The ufetubus hits you.
* * * LOW HITPOINT WARNING * * *
The ufetubus hits you but does no damage.
You hit Maggie but do no damage. Your headbutt misses Maggie.
The scorpion misses you.
You riposte.
You hit the scorpion. Your headbutt misses the scorpion.
The scorpion is lightly wounded.
Maggie closely misses you.
You riposte.
You hit Maggie.
Maggie is lightly wounded.
The ufetubus closely misses you. The ufetubus barely misses you.
You hit Maggie. You headbutt Maggie.
Maggie is lightly wounded.
The ufetubus barely misses you. You furiously retaliate!
You headbutt the ufetubus.
You riposte.
You hit the ufetubus. Your headbutt misses the ufetubus.
The ufetubus is almost dead.
The ufetubus hits you.
* * * LOW HITPOINT WARNING * * *
The scorpion stings you but does no damage.
Maggie closely misses you. You furiously retaliate!
You headbutt Maggie, but do no damage.
You riposte.
You hit Maggie.
Maggie is lightly wounded.
You hit Maggie but do no damage.
Maggie is lightly wounded.
The ufetubus hits you.
* * * LOW HITPOINT WARNING * * *
The ufetubus closely misses you. The scorpion stings you.
* * * LOW HITPOINT WARNING * * *
Maggie says, "Fear not.
I will immortalize you in the tale of my first kill."
Maggie hits you with a +2 war axe of pain.
* * * LOW HITPOINT WARNING * * *
The ufetubus barely misses you.
You riposte.
You slash the ufetubus!
You kill the ufetubus!
You completely miss Maggie.
Maggie is lightly wounded.
The scorpion misses you. Maggie closely misses you.
As you read the scroll of teleportation, it crumbles to dust.
You feel strangely unstable. The scorpion closely misses you.
Maggie hits you with a +2 war axe of pain!
You die...

#.........# #.........#
##### . #.........#
#...##. #....<....+
#.#.... #.........#
#.#..#. #......?..# #
#.#<..# #....@....#
#.#.#...# .########@# ..
#.#.#...#
.........s#.######.#.#....
.......................#.#
.........##....#######...#
...............# ##∩#.###
.......)..#....# ##'#.#
..........# ...####....#
..........# #+##.......#
..........# #. #.##...##


You could see Maggie and a scorpion.

Vanquished Creatures
  Grinder (D:5)
  A necrophage (D:5)
  3 phantoms
  Blork the orc (D:4)
  3 scorpions (D:4)
  A water moccasin skeleton (D:5)
  A centaur zombie (D:6)
  A hound (D:4)
  2 jellies (D:5)
  An orc priest (D:5)
  2 iguanas
  An orc wizard (D:4)
  A hound skeleton (D:5)
  A mummy (D:5)
  6 adders
  2 ufetubi
  4 dart slugs
  9 orcs
  8 ball pythons
  12 endoplasms
  5 giant cockroaches
  11 goblins
  7 hobgoblins
  7 kobolds
  3 quokkas
  5 bats
  4 frilled lizards
  2 hobgoblin zombies (D:5)
  2 kobold zombies (D:5)
  6 rats
113 creatures vanquished.

Notes
Turn   | Place    | Note
-------+----------+-------------------------------------------
     0 | D:1      | cbfl8 the Minotaur Wanderer began the quest for the Orb.
     0 | D:1      | cbfl8 set off with the following items: a +2 falchion, a
                  | potion of curing, a potion of lignification, a +0 robe
     0 | D:1      | Reached XP level 1. HP: 18/18 MP: 0/0
   334 | D:1      | Reached XP level 2. HP: 22/25 MP: 1/1
   487 | D:1      | Reached skill level 3 in Long Blades
   662 | D:1      | Reached XP level 3. HP: 29/30 MP: 2/2
  1896 | D:2      | Reached XP level 4. HP: 37/37 MP: 3/3
  1941 | D:2      | Reached skill level 4 in Long Blades
  2766 | D:3      | Found a shadowy altar of Dithmenos.
  2800 | D:3      | Found a shimmering altar of Xom.
  3182 | D:4      | Reached skill level 5 in Armour
  3182 | D:4      | Reached XP level 5. HP: 44/45 MP: 4/4
  3321 | D:4      | Reached skill level 5 in Long Blades
  3321 | D:4      | Reached skill level 1 in Dodging
  3478 | D:4      | Noticed Blork the orc
  3484 | D:4      | Killed Blork the orc
  3485 | D:4      | Reached XP level 6. HP: 50/51 MP: 5/5
  3692 | D:4      | Reached skill level 6 in Long Blades
  4187 | D:5      | Entered Level 5 of the Dungeon
  4216 | D:5      | Reached XP level 7. HP: 59/59 MP: 6/6
  4570 | D:5      | Reached skill level 7 in Long Blades
  4580 | D:5      | Reached skill level 1 in Stealth
  5079 | D:5      | Found a white marble altar of Elyvilon.
  5139 | D:5      | Noticed Grinder
  5148 | D:5      | Paralysed by Grinder for 7 turns
  5163 | D:5      | Killed Grinder
  5164 | D:5      | Reached skill level 5 in Fighting
  5164 | D:5      | Reached skill level 8 in Long Blades
  5164 | D:5      | Reached XP level 8. HP: 10/68 MP: 7/7
  5678 | D:5      | Found a runed translucent door.
  5679 | D:5      | Noticed Crazy Yiuf
  5699 | D:5      | Found a staircase to the Ecumenical Temple.
  5727 | Temple   | Entered the Ecumenical Temple
  6480 | D:6      | Found Ilav Wiu's Antique Armour Shoppe.
  6583 | D:6      | Found Aqeiwieq's Jewellery Emporium.
  6648 | D:6      | Noticed Maggie
  6660 | D:6      | Slain by Maggie

Illustrated notes

Levels and vault maps discovered:
D:1:      minmay_arrival_split_and_join, layout_basic
D:2:      layout_loops_cross
D:3:      layout_basic, mainiacjoe_overflow_large_starburst, saegor_snake_ambush
D:4:      layout_loops_ring, minmay_door_square, uniq_blork_the_orc
D:5:      layout_basic, elyvilon_altar_3, minmay_temple_entry_mist,
          minmay_mini_ossuary, uniq_grinder, uniq_crazy_yiuf_cottage
D:6:      layout_basic, serial_shops, shop_coins, nicolae_shop_window_shopping,
          nicolae_shop_window_shopping, portal_sewer_entry_b, uniq_maggie,
          uniq_edmund
Temple:   minmay_temple_curvy_loop

Skill      XL: |  1  2  3  4  5  6  7 |
---------------+----------------------+-----
Armour         | 4 5 6 |  6.8
Long Blades    | 3 4 5 6 8 |  8.6
Fighting       | 3 4 5 |  5.3
Dodging        | 1 2 |  2.7
Stealth        | 1 |  1.3
Crossbows      | |  1.1
Shields        | |  1.2
Evocations     | |  1.0

Action                   |  1- 3 |  4- 6 |  7- 9 || total
-------------------------+-------+-------+-------++-------
Melee: Falchion          |    71 |    96 |    90 ||   257
       Headbutt          |    12 |    21 |    25 ||    58
  Use: Scroll            |       |       |    11 ||    11
Armor: Robe              |    11 |       |       ||    11
       Ring mail         |    28 |    32 |    28 ||    88
Dodge: Dodged            |    59 |    61 |    76 ||   196
       Rpst.: Falchion   |    20 |    19 |    29 ||    68
